 Dungeon Crawl Stone Soup version 0.25-a0-251-g572059c536 (webtiles) character file.

Game seed: 12001217532260792958, levelgen mode: deterministic

69 floatRand the Cudgeler (level 4, 0/33 HPs)
             Began as a Demonspawn Gladiator on Dec 4, 2019.
             Succumbed to an adder's poison
             ... on level 2 of the Dungeon.
             The game lasted 00:01:13 (1130 turns).

floatRand the Cudgeler (Demonspawn Gladiator)       Turns: 1130, Time: 00:01:14

Health: 0/33       AC:  5    Str: 16    XL:     4   Next: 2%
Magic:  4/4        EV: 18    Int:  9    God:
Gold:   44         SH:  0    Dex: 21    Spells: 3/3 levels left

rFire    . . .     SeeInvis .   a - +0 flail
rCold    . . .     Gourm    .   (no shield)
rNeg     . . .     Faith    .   b - +0 leather armour
rPois    .         Spirit   +   c - +0 helmet
rElec    .         Reflect  .   (no cloak)
rCorr    .         Harm     .   h - +0 pair of gloves
MR       .....                  (no boots)
Stlth    +++.......             (no amulet)
HPRegen  0.11/turn              i - +2 ring of strength
MPRegen  0.09/turn              (no ring)

@: agile, lethally poisoned (0 -> -5), hasted, very quick
A: magic shield, sturdy frame 1
a: no special abilities


You were on level 2 of the Dungeon.
You were not hungry.

You visited 1 branch of the dungeon, and saw 2 of its levels.

You collected 44 gold pieces.

Inventory:

Hand Weapons
 a - a +0 flail (weapon)
Missiles
 d - 3 throwing nets (quivered)
Armour
 b - a +0 leather armour (worn)
 c - a +0 helmet (worn)
 h - a +0 pair of gloves (worn)
Jewellery
 i - a +2 ring of strength (left hand)
Scrolls
 j - 2 scrolls of remove curse {unknown}
 l - a scroll of identify {unknown}
 m - a scroll of blinking {unknown}
 n - a scroll of teleportation {unknown}
Comestibles
 f - 3 rations
 g - 2 chunks of flesh


   Skills:
 - Level 2.0 Fighting
 * Level 4.4 Maces & Flails
 - Level 1.7 Throwing
 + Level 0.1 Armour
 + Level 2.7 Dodging


You had 3 spell levels left.
You didn't know any spells.
Your spell library was empty.

Dungeon Overview and Level Annotations

Branches:
Dungeon (2/15)

Altars:


Innate Abilities, Weirdness & Mutations

When hurt, damage is shared between your health and your magic reserves.
Your movements are slightly less encumbered by armour. (ER -2)


Message History

You feel agile all of a sudden.
* * * LOW HITPOINT WARNING * * *
You feel sick. The adder misses you.
It was a potion of haste.
You feel yourself speed up. The adder closely misses you.
You hit the adder.
The adder is heavily wounded.
* * * LOW HITPOINT WARNING * * *
You feel sick. The adder misses you.
You closely miss the adder.
The adder is heavily wounded.
The adder completely misses you.
You thump the adder!
You kill the adder!
You have reached level 4!
You feel agile.
Your demonic ancestry asserts itself...
You feel your magical essence form a protective shroud around your flesh.
You thump the hobgoblin!
You kill the hobgoblin!
You die...

.##.# . .....) .##..# .
..... ..# ..# .#.... #.#
#.# #.... #.# .# #... #.#
.##### #.. . #.###......
#.# ..#
#.#รท....##########.##.....
#.<.###.........@.........
................####......
#.##......##.##...........
#.##.....##.....#####...$.
#.##.....##....## #...#
#.##.....##...## ####
#..##.##......#
##....######### #..###


There were no monsters in sight!

Vanquished Creatures
  2 adders (D:2)
  An ooze (D:1)
  An adder zombie (D:2)
  A worm (D:2)
  5 giant cockroaches
  4 goblins (D:1)
  9 hobgoblins
  3 jackals (D:1)
  4 bats (D:1)
  2 frilled lizards
  2 kobolds (D:1)
  7 rats
41 creatures vanquished.

Notes
Turn   | Place    | Note
-------+----------+-------------------------------------------
     0 | D:1      | floatRand the Demonspawn Gladiator began the quest for the
                  | Orb.
     0 | D:1      | Reached XP level 1. HP: 16/16 MP: 1/1
   113 | D:1      | Reached skill level 3 in Maces & Flails
   117 | D:1      | Gained mutation: Your movements are slightly less
                  | encumbered by armour. (ER -2) [demonic ancestry]
   117 | D:1      | Reached XP level 2. HP: 16/22 MP: 2/2
   489 | D:1      | Reached XP level 3. HP: 24/27 MP: 3/3
   577 | D:1      | Reached skill level 4 in Maces & Flails
  1125 | D:2      | HP: 1/27 [poisoned by an adder]
  1129 | D:2      | Gained mutation: When hurt, damage is shared between your
                  | health and your magic reserves. [demonic ancestry]
  1129 | D:2      | Reached XP level 4. HP: 1/33 MP: 4/4
  1130 | D:2      | Succumbed to an adder's poison

Levels and vault maps discovered:
D:1:      erik_arrival_cave_to_civilisation [erik_arrival_cave_to_hall],
          layout_basic, kennysheep_another_room, minmay_tripent
D:2:      layout_rooms, nicolae_overflow_crystal_walls, serial_undead,
          serial_undead_b, serial_undead_d, serial_undead_e, serial_undead_a,
          chequers_ecumenical_altar_grove

Skill      XL: |  1  2  3 |
---------------+----------+-----
Maces & Flails | 3 4 |  4.4
Fighting       | |  2.0
Throwing       | |  1.7
Armour         | |  0.1
Dodging        | |  2.7

Action                   |  1- 3 |  4- 6 || total
-------------------------+-------+-------++-------
Melee: Flail             |   108 |     1 ||   109
  Use: Potion            |     2 |       ||     2
 Stab: Sleeping          |     1 |       ||     1
  Eat: Chunk             |     1 |       ||     1
Armor: Leather armour    |    43 |       ||    43
Dodge: Dodged            |    92 |       ||    92

Table legend:
 A = Non-vault XP
 B = Vault XP
 C = Vault XP percentage of total XP
 D = Non-vault monster count
 E = Vault monster count
 F = Vault count percentage of total count
                 A         B        C        D         E       F
            +---------+---------+-------+---------+---------+-------
      Total |      87 |      12 |  12.1 |      36 |       5 |  12.2
            +---------+---------+-------+---------+---------+-------
        D:1 |      47 |       7 |  13.0 |      27 |       4 |  12.9
        D:2 |      40 |       5 |  11.1 |       9 |       1 |  10.0
            +---------+---------+-------+---------+---------+-------
